 Dungeon Crawl Stone Soup version 0.21.1-1-g345015fe64 (webtiles) character file.

312 Kohma the Sneak (level 6, -5/28 HPs)
             Began as a Vine Stalker Enchanter on June 16, 2018.
             Slain by mrsnowman's ghost (15 damage)
             ... on level 3 of the Dungeon.
             The game lasted 00:13:53 (4237 turns).

Kohma the Sneak (Vine Stalker Enchanter)            Turns: 4237, Time: 00:13:53

Health: -5/28      AC:  6    Str: 13    XL:     6   Next: 42%
Magic:  0/12       EV:  9    Int: 15    God:
Gold:   206        SH:  3    Dex: 14    Spells: 2/11 levels left

rFire    . . .     SeeInvis .   a - +2 dagger
rCold    . . .     Gourm    .   r - +0 buckler
rNeg     . . .     Faith    .   o - +0 scale mail
rPois    .         Spirit   +   (no helmet)
rElec    .         Reflect  .   (no cloak)
rCorr    .         Harm     .   (no gloves)
MR       .....                  (no boots)
Stlth    ++........             (no amulet)
HPRegen  0.49/turn              (no ring)
MPRegen  0.13/turn              (no ring)

@: very slightly contaminated
A: fangs 2, regeneration 1, magic shield, antimagic bite, no potion heal 3, rot
immunity
a: no special abilities


You were on level 3 of the Dungeon.
You were hungry.

You visited 1 branch of the dungeon, and saw 5 of its levels.

You collected 206 gold pieces.

Inventory:

Hand Weapons
 a - a +2 dagger (weapon)
 n - a +1 hand axe of flaming
Missiles
 f - 10 poisoned needles
 i - 5 needles of sleeping
 u - 2 throwing nets (quivered)
Armour
 b - a +0 robe
 e - a +0 leather armour
 o - a +0 scale mail (worn)
 r - a +0 buckler (worn)
 s - a +0 plate armour
Scrolls
 d - 2 scrolls of remove curse
 g - a scroll of enchant weapon
 t - 3 scrolls of blinking {unknown}
 v - 2 scrolls of identify
 y - a scroll of fog {unknown}
Potions
 h - a potion of magic
 j - a potion of lignification
 l - 2 potions of haste
 p - 2 potions of degeneration {unknown}
 q - a potion of curing {unknown}
 w - a potion of resistance {unknown}
 x - 2 potions of heal wounds {unknown}
 z - a potion of brilliance {unknown}
Books
 c - a book of Maledictions

   Spells                             Type                      Level
   a - Corona                         Hexes                        1
   b - Ensorcelled Hibernation        Hexes/Ice                    2
   c - Confuse                        Hexes                        3
   d - Tukima's Dance                 Hexes                        3
   e - Dazzling Spray                 Conjuration/Hexes            3
Comestibles
 k - 5 rations
 m - 4 chunks of flesh


   Skills:
 + Level 2.5 Short Blades
 + Level 2.6 Dodging
 + Level 5.0 Stealth
 * Level 0.6 Shields
 + Level 3.4 Spellcasting
 * Level 4.1 Hexes


You had 2 spell levels left.
You knew the following spells:

 Your Spells              Type           Power        Failure   Level  Hunger
a - Corona                Hex            ###....      26%         1    None
b - Ensorcelled Hibernat  Hex/Ice        #.....       67%         2    ##.....
c - Confuse               Hex            ###.....     63%         3    ###....
d - Tukima's Dance        Hex            ###.....     63%         3    ###....


Dungeon Overview and Level Annotations

Branches:
Dungeon (5/15)
 Temple: D:4-7

Altars:
The Shining One

Annotations:
D:3 mrsnowman's ghost, amateur MiFi
D:4 Dowan


Innate Abilities, Weirdness & Mutations

You have extremely sharp teeth.
Your natural rate of healing is unusually fast.
When hurt, damage is shared between your health and your magic reserves.
Your bite disrupts and absorbs the magic of your enemies.
Potions cannot restore your health.
You are immune to rotting.


Message History

Mrsnowman's ghost completely misses you.
Casting: Confuse
Confirm with . or Enter, or press ? or * to list all spells.
Aiming: Confuse
Press: ? - help, Shift-Dir - straight line, f/p - mrsnowman's ghost
Aim: mrsnowman's ghost (chance to defeat MR: 34%)
You miscast Confuse.
You feel off-balance for a moment. Mrsnowman's ghost barely misses you.
Casting: Confuse
Confirm with . or Enter, or press ? or * to list all spells.
Aiming: Confuse
Press: ? - help, Shift-Dir - straight line, f/p - mrsnowman's ghost
Aim: mrsnowman's ghost (chance to defeat MR: 34%)
You miscast Confuse.
You hear an indistinct dissonance whispering inside your mind.
You are feeling hungry.
Mrsnowman's ghost hits you! Mrsnowman's ghost hits you!
Ouch! That really hurt!
You die...

##.#.# #...###.......[.####
###.#.####....#.......### ##
#......# #.##.####.#..# ###.
#......# #.##..###.#.####...
#......# #.###.............#
#......# #.# #####...##....#
#......# #.# #...#....[.
#......# #W#######...#.....#
#......###.@...............#
##.......##..................
#............................
#..........................##
#........................###
#............##........#.####
#............................
#.............#.#............
#...........#................


You could see mrsnowman's ghost.

Vanquished Creatures
  A howler monkey (D:4)
  2 hounds (D:4)
  A bullfrog skeleton (D:4)
  A worker ant (D:4)
  7 adders
  3 worms
  A dart slug (D:2)
  4 leopard geckos
  4 orcs
  6 giant cockroaches
  5 goblins
  10 hobgoblins
  13 jackals
  2 quokkas
  10 bats
  A frilled lizard (D:4)
  3 kobolds
  5 rats
79 creatures vanquished.

Notes
Turn   | Place    | Note
-------+----------+-------------------------------------------
     0 | D:1      | Kohma the Vine Stalker Enchanter began the quest for the Orb.
     0 | D:1      | Reached XP level 1. HP: 9/9 MP: 4/4
   122 | D:1      | Reached skill level 1 in Short Blades
   177 | D:1      | Reached XP level 2. HP: 10/13 MP: 3/6
   181 | D:1      | Learned a level 2 spell: Ensorcelled Hibernation
  1155 | D:1      | Reached skill level 4 in Stealth
  1155 | D:1      | Reached XP level 3. HP: 3/16 MP: 1/7
  2124 | D:5      | Entered Level 5 of the Dungeon
  2154 | D:4      | Gained mutation: Your natural rate of healing is unusually fast. [Vine Stalker growth]
  2154 | D:4      | Reached XP level 4. HP: 16/21 MP: 2/9
  2257 | D:4      | Reached XP level 5. HP: 15/24 MP: 3/10
  2333 | D:3      | Noticed mrsnowman's ghost (amateur MiFi)
  2506 | D:4      | Noticed Dowan
  2781 | D:3      | Found a glowing golden altar of the Shining One.
  2972 | D:3      | Reached XP level 6. HP: 24/28 MP: 4/11
  3010 | D:3      | Learned a level 3 spell: Confuse
  3014 | D:3      | Learned a level 3 spell: Tukima's Dance
  3344 | D:2      | Reached skill level 5 in Stealth
  4237 | D:3      | Slain by mrsnowman's ghost

Skill      XL: |  1  2  3  4  5  6 |
---------------+-------------------+-----
Short Blades   | 1 2 |  2.5
Stealth        | 4 5 |  5.0
Dodging        | 2 |  2.6
Spellcasting   | 3 |  3.4
Hexes          | 4 |  4.1
Shields        | |  0.6

Action                   |  1- 3 |  4- 6 || total
-------------------------+-------+-------++-------
Melee: Dagger            |    92 |   181 ||   273
       Bite              |    12 |    34 ||    46
 Cast: Corona            |     6 |     2 ||     8
       Ensorcelled Hiber |     7 |    22 ||    29
       Confuse           |       |     1 ||     1
  Use: Scroll            |       |     5 ||     5
 Stab: Sleeping          |     7 |    18 ||    25
       Distracted        |       |     1 ||     1
  Eat: Ration            |     1 |       ||     1
       Chunk             |       |    10 ||    10
Armor: Leather armour    |    41 |     8 ||    49
       Scale mail        |       |    79 ||    79
Dodge: Dodged            |    81 |    97 ||   178
Block: Buckler           |       |    32 ||    32
